 Dungeon Crawl Stone Soup version 0.19-a0-1886-gd64a0f0 (webtiles) character file.

114 Naow the Shield-Bearer (level 5, 0/41 HPs)
             Began as a Formicid Fighter on Oct 16, 2016.
             Killed from afar by Sigmund (9 damage)
             ... with a wand of flame
             ... on level 2 of the Dungeon.
             The game lasted 00:03:01 (1221 turns).

Naow the Shield-Bearer (Formicid Fighter)           Turns: 1221, Time: 00:03:01

Health: 0/41       AC:  8    Str: 22    XL:     5   Next: 19%
Magic:  5/5        EV:  8    Int:  7    God:
Gold:   52         SH:  0    Dex: 10    Spells: 0 memorised, 4 levels left

rFire  . . .     SeeInvis +     a - +0 war axe
rCold  . . .     Gourm    .     b - +0 scale mail
rNeg   . . .     Faith    .     c - +0 shield
rPois  .         Spirit   .     (helmet unavailable)
rElec  .         Dismiss  .     j - +0 cloak
rCorr  .         Reflect  .     (no gloves)
MR     .....     Harm     .     (no boots)
Stlth  ..........               (no amulet)
                                (no ring)
                                (no ring)

@: confused
A: permanent stasis, dig shafts and tunnels, four strong arms, antennae 3
a: Dig, Shaft Self


You were on level 2 of the Dungeon.
You were hungry.

You visited 1 branch of the dungeon, and saw 2 of its levels.

You collected 52 gold pieces.

Inventory:

Hand Weapons
 a - a +0 war axe (weapon)
Armour
 b - a +0 scale mail (worn)
 c - a +0 shield (worn)
 j - a +0 cloak (worn)
Jewellery
 n - an uncursed ring of see invisible {unknown}
Scrolls
 e - 2 scrolls of remove curse {unknown}
 g - a scroll of identify {unknown}
 h - a scroll of teleportation {unknown}
 l - a scroll of random uselessness {unknown}
 m - a scroll of magic mapping {unknown}
Potions
 d - a potion of might
 o - a potion of magic {unknown}
Comestibles
 f - a bread ration
 i - 6 chunks of flesh
 k - a meat ration


   Skills:
 - Level 3.2 Fighting
 * Level 3.9 Axes
 + Level 3.8 Armour
 + Level 0.3 Stealth
 + Level 4.5 Shields


You had 4 spell levels left.
You didn't know any spells.

Dungeon Overview and Level Annotations

Branches:
Dungeon (2/15)

Altars:

Annotations:
D:2 Sigmund


Innate Abilities, Weirdness & Mutations

You are under a permanent stasis effect.
You can dig through walls and to a lower floor.
Your four strong arms can wield two-handed weapons with a shield.
You have a pair of large antennae on your head. (SInv)


Message History

Sigmund zaps a wand.
The puff of flame hits you!
You closely miss Sigmund.
Sigmund is severely wounded.
Sigmund casts a spell at you.
You are confused.
Sigmund hits you with a scythe.
* * * LOW HITPOINT WARNING * * *
You are too injured to fight recklessly!
You miss Sigmund.
Sigmund is severely wounded.
You are feeling hungry.
Your shield and scale mail prevent you from hitting Sigmund.
Sigmund is severely wounded.
Sigmund casts a spell at you. The puff of flame misses you.
Sigmund barely misses you.
Unknown command.
You miss Sigmund.
Sigmund is severely wounded.
Sigmund zaps a wand.
The puff of flame hits you!
You die...

#.#.########.##### #.#
#.#........#.#######.#
#.########.#.........#
#. #.###########
####.# #....# #.####
#.# #@# #@# #g# #.#
#.# #.# ..# ###


You could see Sigmund and a goblin.

Vanquished Creatures
  Crazy Yiuf (D:2)
  Ijyb (D:2)
  An adder (D:2)
  A worm (D:2)
  A dart slug (D:1)
  A leopard gecko (D:1)
  3 giant cockroaches
  4 goblins (D:1)
  5 hobgoblins (D:2)
  4 jackals (D:2)
  6 bats
  3 frilled lizards
  9 kobolds
  6 rats
  4 fungi (D:2)
50 creatures vanquished.

Notes
Turn   | Place    | Note
-------+----------+-------------------------------------------
     0 | D:1      | Naow the Formicid Fighter began the quest for the Orb.
     0 | D:1      | Reached XP level 1. HP: 18/18 MP: 1/1
   108 | D:1      | Reached XP level 2. HP: 24/24 MP: 2/2
   137 | D:1      | Reached skill level 4 in Shields
   213 | D:1      | Reached XP level 3. HP: 12/29 MP: 3/3
   833 | D:2      | Found a runed door.
   837 | D:2      | Noticed Crazy Yiuf
   852 | D:2      | Killed Crazy Yiuf
   852 | D:2      | Reached XP level 4. HP: 29/35 MP: 4/4
   913 | D:2      | Noticed Ijyb
   933 | D:2      | Killed Ijyb
  1029 | D:2      | Reached XP level 5. HP: 37/41 MP: 5/5
  1202 | D:2      | Noticed Sigmund
  1221 | D:2      | Killed from afar by Sigmund

Vault maps used:
D:1:      dpeg_arrival_water_fire, st_stairs_8
D:2:      first_bread, uniq_iyjb, uniq_crazy_yiuf_cottage, uniq_sigmund

Skill      XL: |  1  2  3 |
---------------+----------+-----
Shields        | 4 |  4.5
Axes           | 3 |  3.9
Fighting       | |  3.2
Armour         | |  3.8
Stealth        | |  0.3

Action                   |  1- 3 |  4- 6 || total
-------------------------+-------+-------++-------
Melee: War axe           |   108 |    72 ||   180
  Eat: Chunk             |       |     1 ||     1
Armor: Scale mail        |    41 |    25 ||    66
Dodge: Dodged            |    41 |    20 ||    61
Block: Shield            |    62 |    34 ||    96
